 Dungeon Crawl Stone Soup version 0.29.1-2-gbd0b4ee654 (webtiles) character file.

Game seed: 10004585195592774704

1750 KittyFluff the Cudgeller (level 9, -2/81 HPs)
             Began as a Gargoyle Berserker on Oct 31, 2022.
             Was a Priest of Trog.
             Killed from afar by a steam dragon (21 damage)
             ... with a ball of steam
             ... on level 7 of the Dungeon.
             The game lasted 00:28:24 (7089 turns).

KittyFluff the Cudgeller (Gargoyle Berserker)       Turns: 7089, Time: 00:28:26

Health: -2/81      AC: 12    Str: 28    XL:     9   Next: 6%
Magic:  9/9        EV: 13    Int:  7    God:    Trog [***...]
Gold:   56         SH:  0    Dex: 13    Spells: 8/8 levels left

rFire   . . .      SeeInvis +   a - +0 mace
rCold   . . .      Faith    .   (no shield)
rNeg    + . .      Spirit   .   i - +0 leather armour
rPois   ∞          Reflect  .   O - +0 helmet
rElec   +          Harm     .   x - +0 cloak
rCorr   .          Rampage  .   (no gloves)
Will    .....                   (no boots)
Stlth   ..........              D - amulet of the acrobat
HPRegen 0.23/turn               l - ring of see invisible
MPRegen 0.11/turn               N - +6 ring of strength

@: berserking, very quick
A: sickness immunity, AC +6, negative energy resistance 1, electricity
resistance, torment resistance 1, petrification resistance
a: Renounce Religion, Berserk, Trog's Hand


You were on level 7 of the Dungeon.
You worshipped Trog.
Trog was most pleased with you.
You visited 1 branch of the dungeon, and saw 7 of its levels.

You collected 192 gold pieces.
You spent 136 gold pieces at shops.

Inventory:

Hand Weapons
 a - a +0 mace (weapon)
 k - a +0 morningstar
Missiles
 h - 5 javelins (quivered)
 u - 3 boomerangs of dispersal
 F - a throwing net
 L - 2 boomerangs
Armour
 f - +0 fire dragon scales
 i - a +0 leather armour (worn)
 t - a +0 kite shield
 x - a +0 cloak (worn)
 y - a scarf of invisibility
 O - a +0 helmet (worn)
Jewellery
 j - a ring of protection from cold
 l - a ring of see invisible (left hand)
 m - a ring of magical power
 n - a ring of protection from cold
 C - a ring of ice
 D - an amulet of the acrobat (around neck)
 N - a +6 ring of strength (right hand)
Wands
 p - a wand of iceblast (8)
 s - a wand of acid (4)
 G - a wand of mindburst (4)
 H - a wand of charming (14)
 J - a wand of flame (20)
Scrolls
 b - a scroll of blinking
 c - 3 scrolls of vulnerability {unknown}
 d - 2 scrolls of amnesia {unknown}
 g - a scroll of butterflies {unknown}
 r - a scroll of silence {unknown}
 A - a scroll of noise {unknown}
 E - a scroll of teleportation
 I - a scroll of torment {unknown}
 K - 2 scrolls of fear {unknown}
 M - a scroll of magic mapping {unknown}
Potions
 e - 2 potions of resistance
 o - 5 potions of curing
 q - a potion of attraction
 v - a potion of might
 w - a potion of lignification
 z - a potion of heal wounds {unknown}
 B - a potion of haste


   Skills:
 + Level 5.2 Fighting
 + Level 7.0 Maces & Flails
 * Level 1.5 Throwing
 * Level 4.9 Armour
 + Level 4.6 Dodging
 + Level 3.0 Stealth
 * Level 4.1 Shields


You had 8 spell levels left.
You didn't know any spells.
Your spell library was empty.

Dungeon Overview and Level Annotations

Branches:
Dungeon (7/15)
 Temple: D:4-7

Altars:
Cheibriados
Dithmenos
Gozag
Kikubaaqudgha
Makhleb
Wu Jian
Xom
The Shining One

Shops:
D:1 ?


Innate Abilities, Weirdness & Mutations

You are immune to sickness and miasma.
Your stone body is resilient. (AC +6)
You are immune to poison.
You resist negative energy. (rN+)
You are resistant to electric shocks. (rElec)
You are resistant to unholy torment.
You are immune to petrification.


Message History

You hit the steam dragon.
The steam dragon is lightly wounded.
You are engulfed in a cloud of scalding steam.
The steam dragon barely misses you. The steam dragon claws you.
You hit the steam dragon.
The steam dragon is moderately wounded.
The steam dragon bites you but does no damage.
The steam dragon closely misses you.
You barely miss the steam dragon.
The steam dragon is moderately wounded.
The steam dragon bites you. The steam dragon barely misses you.
You barely miss the steam dragon.
The steam dragon is moderately wounded.
The steam dragon bites you but does no damage.
The steam dragon barely misses you.
You sock the steam dragon!
The steam dragon is severely wounded.
The steam dragon breathes steam at you. The ball of steam hits you.
You barely miss the steam dragon.
The steam dragon is severely wounded.
You are engulfed in a cloud of scalding steam.
The steam dragon barely misses you. x2
You hit the steam dragon but do no damage.
The steam dragon is severely wounded.
You are engulfed in a cloud of scalding steam.
The steam dragon barely misses you.
The steam dragon claws you but does no damage.
You hit the steam dragon but do no damage.
The steam dragon is severely wounded.
You are engulfed in a cloud of scalding steam.
* * * LOW HITPOINT WARNING * * *
The steam dragon closely misses you. The steam dragon barely misses you.
A red film seems to cover your vision as you go berserk!
You feel yourself moving faster!
You feel mighty!
You are engulfed in a cloud of scalding steam.
* * * LOW HITPOINT WARNING * * *
The steam dragon breathes steam at you. The ball of steam hits you!!
You die...

#### ##### #... ...# #...
################.######...
..........................
#######.#........######...
#<...#.#############...
#########.....(.....#.##
......D@..########.##.#
########..# #.##.# #..#
#.##.# #..# #.##.# #..#
#.##.# #..# #.##.# #..#
#.##.# #..# #.##.# #.##.#


You could see a steam dragon (catching breath).

Vanquished Creatures
  Sigmund (D:5)
  Duvessa (D:4)
  An ice beast (D:5)
  3 black bears
  An ogre (D:5)
  A phantom (D:6)
  4 scorpions
  Dowan (D:4)
  A crimson imp (D:6)
  5 hounds
  An orc priest (D:6)
  2 jellies
  A gnoll bouda (D:6)
  4 iguanas
  Natasha (twice) (D:3)
  An orc wizard (D:6)
  3 gnolls (D:6)
  7 adders
  A white imp (D:5)
  An ufetubus (D:6)
  2 worms
  2 dart slugs
  8 orcs
  13 ball pythons
  2 bats (D:1)
  11 endoplasms
  4 giant cockroaches
  12 goblins
  16 hobgoblins
  3 jackals (D:1)
  2 quokkas
  6 kobolds
  5 rats
128 creatures vanquished.

Vanquished Creatures (others)
  11 plants (D:1)
11 creatures vanquished.

Grand Total: 139 creatures vanquished

Notes
Turn   | Place    | Note
-------+----------+-------------------------------------------
     0 | D:1      | KittyFluff the Gargoyle Berserker began the quest for the
                  | Orb.
     0 | D:1      | Reached XP level 1. HP: 14/14 MP: 1/1
    69 | D:1      | Reached XP level 2. HP: 19/19 MP: 2/2
   294 | D:1      | HP: 1/20 [frozen (4)]
  1038 | D:1      | Reached XP level 3. HP: 19/24 MP: 3/3
  1299 | D:1      | Found Pyigan's Magic Scroll Shop.
  1321 | D:1      | Reached ** piety under Trog
  1624 | D:2      | Found a faded altar of an unknown god.
  1900 | D:2      | Reached XP level 4. HP: 25/29 MP: 4/4
  1961 | D:2      | Reached skill level 4 in Maces & Flails
  2818 | D:3      | Reached skill level 1 in Stealth
  3221 | D:3      | Reached XP level 5. HP: 33/33 MP: 5/5
  3270 | D:3      | Noticed Natasha
  3276 | D:3      | Killed Natasha
  3415 | D:3      | Noticed Natasha
  3421 | D:3      | Reached *** piety under Trog
  3423 | D:3      | Killed Natasha
  3530 | D:4      | Found a snail-covered altar of Cheibriados.
  3530 | D:4      | Found an ancient bone altar of Kikubaaqudgha.
  3543 | D:4      | Found an ornate altar of the Wu Jian Council.
  3547 | D:4      | Found an opulent altar of Gozag.
  3550 | D:4      | Found a shadowy altar of Dithmenos.
  3558 | D:4      | Found a glowing golden altar of the Shining One.
  3593 | D:4      | Noticed Dowan
  3595 | D:4      | Noticed Duvessa
  3612 | D:4      | Killed Duvessa
  3613 | D:4      | Reached skill level 1 in Shields
  3613 | D:4      | Reached XP level 6. HP: 24/38 MP: 6/6
  3613 | D:4      | Killed Dowan
  3614 | D:4      | Reached skill level 5 in Maces & Flails
  4131 | D:4      | Reached XP level 7. HP: 37/44 MP: 7/7
  4467 | D:5      | Entered Level 5 of the Dungeon
  4803 | D:5      | HP: 1/66 [ogre/+0 giant club (18)]
  5315 | D:5      | Reached skill level 6 in Maces & Flails
  5315 | D:5      | Reached XP level 8. HP: 48/48 MP: 8/8
  5442 | D:5      | Noticed Sigmund
  5453 | D:5      | Killed Sigmund
  5776 | D:5      | Reached skill level 5 in Fighting
  6043 | D:1      | Bought a scroll of blinking for 97 gold pieces
  6043 | D:1      | Bought a scroll of teleportation for 39 gold pieces
  6608 | D:6      | Reached skill level 1 in Throwing
  6838 | D:6      | Reached skill level 7 in Maces & Flails
  6838 | D:6      | Reached XP level 9. HP: 25/54 MP: 9/9
  6938 | D:6      | Found a shimmering altar of Xom.
  6938 | D:6      | Found a burning altar of Makhleb.
  7089 | D:7      | Killed from afar by a steam dragon

Illustrated notes

Levels and vault maps discovered:
D:1:      dpeg_arrival_ternary, layout_basic, serial_shops,
          nicolae_shop_hallway_plus, corner_web_ring, serial_bayou_pond_c,
          skrybe_limestone_x
D:2:      layout_loops_ring, ebering_ecumenical_altar_abandoned
D:3:      layout_basic, serial_aquarium, aquarium_bridge_square
          [aquarium_subvault_bridge, aquarium_subvault_bridge,
          aquarium_subvault_bridge, aquarium_subvault_bridge],
          aquarium_window_corner, aquarium_window_1, aquarium_window_2,
          aquarium_view_2e, aquarium_balcony_3a, uniq_natasha
D:4:      layout_rooms, nicolae_overflow_hallway_of_the_gods, uniq_duvessa
D:5:      nicolae_cairo_tiling, layout_gridville, uniq_sigmund
D:6:      layout_cave_pools, grunt_temple_overflow_champion_of_chaos,
          minmay_circle_x
D:7:      layout_basic, lemuel_temple_firewalk_b

Skill      XL: |  1  2  3  4  5  6  7  8 |
---------------+-------------------------+-----
Dodging        | 2 3 4 |  4.6
Maces & Flails | 4 5 6 7 |  7.0
Stealth        | 1 2 3 |  3.0
Fighting       | 4 5 |  5.2
Shields        | 1 2 3 4 |  4.1
Armour         | 3 4 |  4.9
Throwing       | 1 |  1.5

Action                   |  1- 3 |  4- 6 |  7- 9 || total
-------------------------+-------+-------+-------++-------
Melee: Mace              |   117 |   161 |   242 ||   520
       Punch             |     1 |     1 |     4 ||     6
Throw: Javelin           |       |     3 |       ||     3
Invok: Berserk           |     1 |     1 |     7 ||     9
  Use: Scroll            |       |     5 |     4 ||     9
 Stab: Sleeping          |     1 |       |     2 ||     3
       Distracted        |       |     1 |       ||     1
Armor: Animal skin       |    37 |    39 |    59 ||   135
       Leather armour    |       |       |    57 ||    57
Dodge: Dodged            |    81 |   112 |   223 ||   416
